 Dungeon Crawl Stone Soup version 0.31-a0-960-g0fca184906 (webtiles) character file.

Game seed: 4418728409029189843

963 BinkBink the Chopper (level 7, -2/82 HPs)
             Began as a Demonspawn Fighter on Oct 23, 2023.
             Was an Initiate of Qazlal.
             Slain by a yak (6 damage)
             ... on level 4 of the Dungeon.
             The game lasted 00:06:16 (4209 turns).

BinkBink the Chopper (Demonspawn Fighter)           Turns: 4209, Time: 00:06:18

Health: -2/82      AC: 23    Str: 19    XL:     7   Next: 92%
Magic:  7/7        EV:  2    Int:  9    God:    Qazlal [......]
Gold:   207        SH:  9    Dex: 18    Spells: 6/6 levels left

rFire   . . .        a - +0 war axe
rCold   . . .        c - +0 buckler
rNeg    . . .        b - melded +0 scale mail
rPois   +            w - melded +1 hat
rElec   .            (cloak currently unavailable)
rCorr   .            (gloves currently unavailable)
SInv    .            s - melded +0 pair of boots
Will    .....        (no amulet)
Stlth   ++           o - +6 ring of dexterity
HPRegen 0.33/turn    (no ring)
MPRegen 0.10/turn

%: no passive effects
@: mighty, brilliant, tree-form (expiring)
A: stationary, stasis, torment immunity, boosted hp, (horns 1), foul stench 1,
(sturdy frame 1), condensation shield
a: Renounce Religion


You were on level 4 of the Dungeon.
You worshipped Qazlal.
Qazlal was noncommittal.
You were a tree.
You visited 2 branches of the dungeon, and saw 5 of its levels.

You collected 207 gold pieces.

Inventory:

Hand Weapons
 a - a +0 war axe (weapon)
Armour
 b - a +0 scale mail (melded)
 c - a +0 buckler (worn)
 s - a +0 pair of boots (melded)
 w - a +1 hat (melded)
Jewellery
 k - a ring of fire
 o - a +6 ring of dexterity (left branch)
Scrolls
 e - 7 scrolls of identify {unknown}
 f - a scroll of blinking {unknown}
 i - 3 scrolls of fear {unknown}
 j - a scroll of poison {unknown}
 m - a scroll of enchant weapon {unknown}
 n - a scroll of vulnerability {unknown}
 v - a scroll of amnesia {unknown}
Potions
 h - a potion of brilliance
 p - a potion of cancellation {unknown}
 q - a potion of haste {unknown}
 r - a potion of heal wounds {unknown}
 t - a potion of invisibility {unknown}
 u - a potion of berserk rage {unknown}


   Skills:
 + Level 4.8 Fighting
 * Level 5.1 Axes
 + Level 4.3 Armour
 + Level 3.0 Dodging
 + Level 4.2 Shields


You had 6 spell levels left.
You didn't know any spells.
Your spell library contained the following spells:

 Spells                   Type           Power      Damage    Failure   Level
 Necrotise                Necr           0%         1d4       45%         1
 Sandblast                Erth           0%         2d4       45%         1
 Summon Small Mammal      Summ           0%         N/A       45%         1
 Passwall                 Tmut/Erth      0%         N/A       58%         2
 Call Canine Familiar     Summ           0%         N/A       83%         3
 Stone Arrow              Conj/Erth      0%         3d7       83%         3
 Summon Guardian Golem    Hex/Summ       0%         N/A       83%         3
 Vampiric Draining        Necr           0%         2d6       83%         3
 Brom's Barrelling Bould  Conj/Erth      0%         2d3       99%         4
 Agony                    Necr           0%         N/A       100%        5


Dungeon Overview and Level Annotations

Branches:
Dungeon (4/15)             Temple (1/1) D:4

Altars:
Ashenzari
Cheibriados
Dithmenos
Kikubaaqudgha
Makhleb
Okawaru
Qazlal
Ru
Sif Muna
Trog
Uskayaw
Vehumet
Yredelemnul


Innate Abilities, Weirdness & Mutations

You are a tree.
Your roots penetrate the ground, keeping you stationary.
You cannot be teleported.
You are immune to unholy pain and torment.
Your maximum health is greatly increased.
Your equipment is partially melded.
((You have a pair of small horns on your head.))
You may rarely emit foul miasma when damaged in melee.
((Your movements are slightly less encumbered by armour. (ER -2)))
A meltable shield of frost defends you. (SH +4)


Message History

* * * LOW HITPOINT WARNING * * *
Your Armour skill increases to level 4!
You hit the yak but do no damage. You block the yak's attack.
You closely miss the yak. The yak gores you but does no damage.
You slash the yak!
The yak is moderately wounded.
The yak barely misses you. You block the yak's attack.
You hit the yak but do no damage.
The yak is moderately wounded.
The yak gores you but does no damage.
You hit the yak.
The yak is moderately wounded.
The yak gores you but does no damage. The yak gores you!
* * * LOW HITPOINT WARNING * * *
You slash the yak!
The yak is heavily wounded.
You block the yak's attack.
You slice the yak!!
You kill the yak!
Qazlal accepts your kill.
Your Shields skill increases to level 4!
You slash the yak!
You kill the yak!
Qazlal accepts your kill. The yak gores you but does no damage.
Your Axes skill increases to level 5!
Your Dodging skill increases to level 3!
You completely miss the yak. The yak gores you but does no damage.
You barely miss the yak. The yak gores you.
* * * LOW HITPOINT WARNING * * *
You slash the yak!
The yak is heavily wounded.
The yak barely misses you.
You slash the yak!
The yak is severely wounded.
Your transformation is almost over.
The yak gores you!
* * * LOW HITPOINT WARNING * * *
The yak gores you.
You die...

##.##.#......##........##.######
##.##.###........[...........###
##..##.###.............Y####.....
....#..#............Y...# #.....
..[.#.........#.........#######..
....#........#...................
....#.#.........####.....######..
....#.##......########...........
................♣Y...............
......##.......###...............
......###....................###.
......##...#...........)..#### #.
.###.###...#..............######.
.#.........#.....................
...........#........#######......
##......#...........# ##......
#........#..#############.#.#...


You could see a yak.

Vanquished Creatures
  5 yaks
  3 hounds (D:4)
  Robin (D:4)
  5 adders
  3 worms (D:2)
  3 dart slugs
  3 orcs
  8 endoplasms
  18 goblins
  5 hobgoblins
  7 jackals
  7 kobolds
  3 quokkas
  5 ball pythons
  7 bats
  A frilled lizard (D:3)
  5 rats
89 creatures vanquished.

Notes
Turn   | Place    | Note
-------+----------+-------------------------------------------
     0 | D:1      | BinkBink the Demonspawn Fighter began the quest for the
                  | Orb.
     0 | D:1      | Reached XP level 1. HP: 18/18 MP: 1/1
   144 | D:1      | Reached skill level 2 in Axes
   210 | D:1      | Gained mutation: A meltable shield of frost defends you.
                  | (SH +4) [demonic ancestry]
   210 | D:1      | Reached XP level 2. HP: 22/24 MP: 2/2
   492 | D:1      | Gained mutation: Your movements are slightly less
                  | encumbered by armour. (ER -2) [demonic ancestry]
   492 | D:1      | Reached XP level 3. HP: 29/29 MP: 3/3
  1508 | D:2      | Reached skill level 1 in Dodging
  1682 | D:2      | Gained mutation: You have a pair of small horns on your
                  | head. [demonic ancestry]
  1682 | D:2      | Reached XP level 4. HP: 34/35 MP: 4/4
  1693 | D:2      | Found a faded altar of an unknown god.
  2355 | D:3      | Reached skill level 3 in Axes
  3114 | D:4      | Reached XP level 5. HP: 36/41 MP: 5/5
  3117 | D:4      | Noticed Robin
  3140 | D:4      | Killed Robin
  3382 | D:4      | Found a staircase to the Ecumenical Temple.
  3425 | Temple   | Entered the Ecumenical Temple
  3437 | Temple   | Became a worshipper of Qazlal Stormbringer
  3525 | D:4      | Noticed a yak
  3525 | D:4      | Noticed a yak
  3529 | D:4      | Noticed a yak
  3540 | D:4      | Noticed a yak
  3543 | D:4      | Noticed a yak
  3557 | D:3      | Killed a yak
  3558 | D:3      | Reached XP level 6. HP: 13/48 MP: 6/6
  4179 | D:4      | Noticed a yak
  4187 | D:4      | Killed a yak
  4188 | D:4      | Reached skill level 4 in Axes
  4188 | D:4      | Gained mutation: You may rarely emit foul miasma when
                  | damaged in melee. [demonic ancestry]
  4188 | D:4      | Reached XP level 7. HP: 19/54 MP: 7/7
  4197 | D:4      | Killed a yak
  4204 | D:4      | Killed a yak
  4205 | D:4      | Killed a yak
  4206 | D:4      | Reached skill level 5 in Axes
  4209 | D:4      | HP: 4/82 [yak (8)]
  4209 | D:4      | Slain by a yak

Illustrated notes

Levels and vault maps discovered:
D:1:      doesnt_arrival_eight_statues, layout_basic, grunt_decor_resistance
D:2:      layout_loops_ring, shapermc_ecumenical_altar_venn
D:3:      layout_loops_ring, serial_forest, infiniplex_forest_lined_room_,
          infiniplex_forest_clump_large, infiniplex_forest_split,
          infiniplex_forest_join, infiniplex_forest_clump_long,
          infiniplex_forest_split, saegor_snake_ambush
D:4:      layout_rooms, temple_doors_e, st_stairs_13, uniq_robin
Temple:   lightli_temple_of_artemis

Skill      XL: |  1  2  3  4  5  6  7 |
---------------+----------------------+-----
Axes           | 2 3 4 5 |  5.1
Armour         | 3 4 |  4.3
Dodging        | 1 2 3 |  3.0
Shields        | 3 4 |  4.2
Fighting       | 4 |  4.8

Action                     |  1- 3 |  4- 6 |  7- 9 || total
---------------------------+-------+-------+-------++-------
  Melee: War axe           |   119 |   212 |    19 ||   350
         Headbutt          |       |    55 |     1 ||    56
    Use: Potion            |       |     3 |     2 ||     5
 Armour: Scale mail        |    70 |    92 |     1 ||   163
         Skin              |       |       |    13 ||    13
  Dodge: Dodged            |    52 |    55 |     3 ||   110
  Block: Buckler           |    48 |    52 |     7 ||   107

Table legend: (Time is in decaauts)
 A = Elapsed time spent in this place.
 B = Non-inter-level travel time spent in this place.
 C = Inter-level travel time spent in this place.
 D = Time resting spent in this place.
 E = Time spent auto-exploring this place.
 F = Levels seen in this place.
 G = Mean time per level.
                   A        B        C        D        E       F      G
               +--------+--------+--------+--------+--------+-----+--------+
         Total |   4368 |   4085 |    283 |    397 |   2884 |   5 |  873.6 |
       Dungeon |   4344 |   4082 |    262 |    397 |   2884 |   4 | 1086.0 |
        Temple |     23 |      2 |     21 |      0 |      0 |   1 |   23.0 |
               +--------+--------+--------+--------+--------+-----+--------+

Top non-repeatable levels by time:
     D:3: 1427 daAuts
     D:1: 994 daAuts
     D:2: 965 daAuts
     D:4: 957 daAuts
  Temple: 23 daAuts
